 Dungeon Crawl Stone Soup version 0.31.0-11-ge490571c62 (webtiles) character file.

Game seed: 9348033197119195918

19 Daunt the Trooper (level 2, -4/16 HPs)
             Began as a Vine Stalker Fighter on Jan 28, 2024.
             Splashed by a jelly's acid (6 damage)
             ... on level 4 of the Dungeon.
             The game lasted 00:02:07 (279 turns).

Daunt the Trooper (Vine Stalker Fighter)             Turns: 279, Time: 00:02:08

Health: -4/16      AC:  2    Str: 18    XL:     2   Next: 75%
Magic:  0/3        EV:  9    Int:  8    God:
Gold:   16         SH:  4    Dex: 13    Spells: 1/1 levels left

rFire   . . .        a - +0 war axe
rCold   . . .        c - +0 buckler
rNeg    . . .        b - +0 scale mail
rPois   .            (no helmet)
rElec   .            (no cloak)
rCorr   .            (no gloves)
SInv    .            (no boots)
Will    .....        (no amulet) Stlth
                     (no ring)
HPRegen 1.02/turn    (no ring)
MPRegen 0.08/turn

%: guardian spirit
@: corroded
A: fangs 2, regeneration 1, magic shield, antimagic bite, no potion heal 2
a: no special abilities


You were on level 4 of the Dungeon.
You visited 1 branch of the dungeon, and saw 4 of its levels.

You collected 16 gold pieces.

Inventory:

Hand Weapons
 a - a +0 war axe (weapon)
Missiles
 i - 6 stones (quivered)
Armour
 b - a +0 scale mail (worn)
 c - a +0 buckler (worn)
Scrolls
 e - a scroll of vulnerability {unknown}
 f - a scroll of identify {unknown}
 h - a scroll of teleportation {unknown}
Potions
 d - 2 potions of might
 g - a potion of attraction {unknown}


   Skills:
 + Level 3.0 Fighting
 * Level 2.6 Axes
 - Level 2.4 Armour
 - Level 2.6 Shields


You had one spell level left.
You didn't know any spells.
Your spell library was empty.

Dungeon Overview and Level Annotations

Branches:
Dungeon (4/15)
 Temple: D:4-7

Altars:
The Shining One


Innate Abilities, Weirdness & Mutations

You have extremely sharp teeth.
Your natural rate of healing is unusually fast.
When hurt, damage is shared between your health and your magic reserves.
Your bite disrupts and absorbs the magic of your enemies.
Potions cannot restore your health.


Message History

You hit the quokka but do no damage. Your bite misses the quokka.
The quokka bites you but does no damage.
You hit the quokka but do no damage.
The quokka bites you but does no damage.
The quokka bites you.
You slash the quokka!
You kill the quokka!
No target in view!
No target in view!
No target in view!
Found a potion of might.
You see here a quokka corpse.
d - 2 potions of might (gained 1)
Found a gold piece.
Found a glowing golden altar of the Shining One.
You now have 16 gold pieces (gained 1).
You hear the slow hiss of a distant avalanche of sand.
A jelly comes into view.
The jelly quivers.
A jelly is nearby!
An orc comes into view. It is wielding a +1 mace of holy wrath.
Unknown command.
Unknown command.
The orc shouts!
An adder comes into view.
You hit the jelly but do no damage.
Your hands burn!
The jelly barely misses you. The jelly hits you. The acid corrodes you!
You are splashed with acid!
Ouch! That really hurt!
Unknown command.
Unknown command.
Unknown command.
You slash the jelly!
Your hands burn!
* * * LOW HITPOINT WARNING * * *
Your bite misses the jelly.
The jelly is heavily wounded.
The jelly hits you.
* * * LOW HITPOINT WARNING * * *
You are splashed with acid!
You die...

##.#.##...<...#
#.###.#........#.#
#.......##.....#.#
#####.#.##.###.#.###
#...##.# ......
######.###...#
#.....### ####.##
#@# #J#


.oS #...# #...# #.... ..... ...... You could see a jelly, an adder and an orc.

Vanquished Creatures
  An adder (D:2)
  A giant cockroach (D:1)
  3 hobgoblins (D:1)
  2 quokkas
  3 frilled lizards
10 creatures vanquished.

Notes
Turn   | Place    | Note
-------+----------+-------------------------------------------
     0 | D:1      | Daunt the Vine Stalker Fighter began the quest for the Orb.
     0 | D:1      | Reached XP level 1. HP: 11/11 MP: 2/2
    42 | D:1      | Reached XP level 2. HP: 16/16 MP: 1/3
    78 | D:2      | Reached skill level 3 in Fighting
   223 | D:4      | Found a glowing golden altar of the Shining One.
   279 | D:4      | Splashed by a jelly's acid

Illustrated notes

Levels and vault maps discovered:
D:1:      ncdulo_wetmaze, layout_loops_ring
D:2:      layout_basic, shapermc_ecumenical_altar_mp_vishouse,
          chequers_serial_rivers_marsh, grunt_ministairs_7, hex_medium,
          minmay_surrounded
D:3:      layout_basic, grunt_dithmenos_smoke_and_mirrors,
          nicolae_elevator_lobby_asterisk, uniq_terence
D:4:      layout_loops_cross, mainiacjoe_overflow_alcove_1, enter_ossuary_1,
          uniq_duvessa

Skill      XL: |  1  2 |
---------------+-------+-----
Axes           | 2 |  2.6
Fighting       | 3 |  3.0
Armour         | |  2.4
Shields        | |  2.6

Action                     || total
---------------------------++-------
  Melee: War axe           ||    31
         Bite              ||     3
 Armour: Scale mail        ||    20
  Dodge: Dodged            ||    15
  Block: Buckler           ||     6
